 Dungeon Crawl Stone Soup version 0.19.0-24-gb05acd6 (webtiles) character file.

2144 GlenndL the Cudgeler (level 9, -12/48 HPs)
             Began as a Gargoyle Fighter on Nov 21, 2016.
             Was a Follower of Hepliaklqana.
             Mangled by a hill giant
             ... wielding a +0 giant club
              (21 damage)
             ... on level 7 of the Dungeon.
             The game lasted 00:15:13 (4438 turns).

GlenndL the Cudgeler (Gargoyle Fighter)             Turns: 4438, Time: 00:15:13

Health: -12/48     AC: 15    Str: 26    XL:     9   Next: 30%
Magic:  9/9        EV: 10    Int:  8    God:    Hepliaklqana [*.....]
Gold:   247        SH: 11    Dex: 12    Spells: 0 memorised, 8 levels left

rFire  x . .     SeeInvis .     B - +2 flail (protect)
rCold  + . .     Gourm    .     b - +0 scale mail
rNeg   + . .     Faith    .     c - +0 shield
rPois  ∞         Spirit   .     (no helmet)
rElec  +         Reflect  .     z - +1 cloak
rCorr  .         Harm     .     (no gloves)
MR     .....                    (no boots)
Stlth  ..........               J - amulet of inaccuracy (curse)
                                t - +5 ring of strength
                                A - ring of ice

@: marked
A: reduced essence, negative energy resistance 1, electricity resistance,
unbreathing, petrification resistance, rot immunity, AC +5
a: Recall Ancestor, Ancestor Identity, Renounce Religion


You were on level 7 of the Dungeon.
You worshipped Hepliaklqana.
Hepliaklqana was aware of your devotion.
You were very full.

You visited 1 branch of the dungeon, and saw 7 of its levels.

You collected 247 gold pieces.

Inventory:

Hand Weapons
 a - a +0 flail
 d - a +4 flail
 y - a +4 quarterstaff of chaos
 B - a +2 flail of protection (weapon)
 D - a +5 morningstar
 E - a +1 great sword
 F - a +4 battleaxe
Armour
 b - a +0 scale mail (worn)
 c - a +0 shield (worn)
 z - a +1 cloak (worn)
 C - a +0 pair of gloves
Jewellery
 f - an uncursed ring of positive energy
 t - a +5 ring of strength (right hand)
 A - a ring of ice (left hand)
 G - an uncursed amulet of regeneration {unknown}
 J - a cursed amulet of inaccuracy (around neck)
Wands
 s - a wand of random effects (10/48)
 x - a wand of lightning (1/15)
 H - a wand of flame (20/48)
Scrolls
 e - 3 scrolls of teleportation
 h - 12 scrolls of identify
 r - a scroll of enchant armour
 v - 2 scrolls of blinking
Potions
 j - 4 potions of lignification {unknown}
 k - a potion of resistance {unknown}
 l - a potion of cure mutation {unknown}
 n - a potion of haste {unknown}
 o - a potion of ambrosia {unknown}
 p - 3 potions of mutation {unknown}
 q - a potion of invisibility {unknown}
Books
 m - a book of Necromancy

   Spells                             Type                      Level
   a - Pain                           Necromancy                   1
   b - Animate Skeleton               Necromancy                   1
   c - Vampiric Draining              Necromancy                   3
   d - Regeneration                   Charms/Necromancy            3
   e - Animate Dead                   Necromancy                   4
   f - Control Undead                 Necromancy                   4
Comestibles
 u - 5 bread rations
 w - 2 meat rations


   Skills:
 + Level 5.5 Fighting
 + Level 7.7 Maces & Flails
 + Level 5.8 Armour
 + Level 3.3 Dodging
 + Level 1.0 Stealth
 + Level 6.9 Shields
 + Level 0.8 Evocations


You had 8 spell levels left.
You didn't know any spells.

Dungeon Overview and Level Annotations

Branches:
Dungeon (7/15)             Temple (0/1) D:5

Altars:
Gozag
Hepliaklqana
Makhleb
Okawaru
Yredelemnul


Innate Abilities, Weirdness & Mutations

You are resistant to torment.
Your stone body is resilient. (AC +5)
You are immune to poison.
You resist negative energy. (rN+)
You are resistant to electric shocks. (rElec)
You can survive without breathing.
You are immune to petrification.
You are immune to rotting.
Your life essence is reduced. (-10% HP)


Message History

Yes, GlenndL is definitely a better name.
Was GlenndL a) male, b) female, or c) neither? (Currently female.) GlenndL was always male, you're pretty sure.
Zapping:
x - a wand of lightning {recharged} (will waste charges)
Press: ? - help, Shift-Dir - straight line, f - hill giant
Aim: a hill giant, wielding a giant club (moderately wounded)
You hear a mighty clap of thunder!
The bolt of lightning hits the hill giant.
The hill giant is severely wounded.
Evoking this partially-identified wand wasted a few charges.
You block the hill giant's attack.
Zapping:
x - a wand of lightning {zapped: 2} (will waste charges)
Press: ? - help, Shift-Dir - straight line, f/p - hill giant
Aim: a hill giant, wielding a giant club (severely wounded)
You hear a mighty clap of thunder!
The bolt of lightning hits the hill giant.
The hill giant is almost dead.
Evoking this partially-identified wand wasted a few charges.
The hill giant hits you with a giant club!!
You die...

#..........# #######
#..........# #.....###
#..........# #.......
+...........
#....[.#####...........
#......R...+...........
#....R.#.#.#...........
#....C##.# +........†..
#.....@..# #..........#
#####.#### ####(######.
#.#########......#.
#.##>......(.)...+<
#.##.##...#......##
####.##...............
#....##.##.#.>........
#.#.....##.######.....
# #.#......# #....


You could see the friendly GlenndL the ancestor and a hill giant.

Vanquished Creatures
  The ghost of CanOfBees the Cudgeler, a novice OgHu of Okawaru (D:7)
  Edmund (D:5)
  An orc warrior (D:6)
  An ogre (D:5)
  A centaur (D:7)
  A gnoll sergeant (D:6)
  3 scorpions
  5 wights (D:6)
  A crimson imp (D:5)
  A quasit (D:7)
  3 hounds
  An orc priest (D:6)
  Crazy Yiuf (D:3)
  2 worker ants
  6 gnolls
  6 adders
  A shadow imp (D:7)
  3 oozes
  An adder skeleton (D:6)
  2 worms
  A leopard gecko (D:4)
  10 orcs (D:6)
  3 giant cockroaches
  8 goblins
  5 hobgoblins
  9 jackals
  3 quokkas
  A ball python (D:5)
  7 bats
  5 frilled lizards
  12 kobolds
  12 rats
118 creatures vanquished.

Vanquished Creatures (collateral kills)
  Menkaure (D:5)
  2 bullfrogs
  An iguana (D:6)
  2 gnolls
  3 adders
  2 orcs (D:6)
  A quokka (D:4)
12 creatures vanquished.

Vanquished Creatures (others)
  2 ancestors
2 creatures vanquished.

Grand Total: 132 creatures vanquished

Notes
Turn   | Place    | Note
-------+----------+-------------------------------------------
     0 | D:1      | GlenndL the Gargoyle Fighter began the quest for the Orb.
     0 | D:1      | Reached XP level 1. HP: 14/14 MP: 1/1
   118 | D:1      | Reached XP level 2. HP: 19/19 MP: 2/2
   325 | D:1      | Reached XP level 3. HP: 23/23 MP: 3/3
   955 | D:2      | Reached XP level 4. HP: 27/28 MP: 4/4
  1371 | D:3      | Found an opulent altar of Gozag.
  1699 | D:3      | Reached skill level 3 in Maces & Flails
  1854 | D:3      | Reached skill level 1 in Dodging
  1911 | D:3      | Found a runed door.
  2005 | D:3      | Noticed Crazy Yiuf
  2006 | D:3      | Killed Crazy Yiuf
  2006 | D:3      | Reached XP level 5. HP: 33/33 MP: 5/5
  2212 | D:4      | Found a hazy altar of Hepliaklqana.
  2221 | D:4      | Became a worshipper of Hepliaklqana the Forgotten
  2252 | D:4      | Found an iron altar of Okawaru.
  2740 | D:5      | Entered Level 5 of the Dungeon
  2857 | D:5      | Reached XP level 6. HP: 30/34 MP: 6/6
  2884 | D:5      | Found a basalt altar of Yredelemnul.
  2907 | D:5      | Reached skill level 4 in Maces & Flails
  2994 | D:5      | Found a staircase to the Ecumenical Temple.
  3038 | D:5      | Reached XP level 7. HP: 29/38 MP: 7/7
  3059 | D:5      | Found a burning altar of Makhleb.
  3065 | D:5      | Reached skill level 5 in Shields
  3173 | D:5      | Noticed Edmund
  3194 | D:5      | Killed Edmund
  3194 | D:5      | Reached skill level 5 in Maces & Flails
  3250 | D:5      | Reached * piety under Hepliaklqana
  3311 | D:5      | Noticed Menkaure
  3320 | D:5      | Killed Menkaure
  3526 | D:6      | Reached skill level 6 in Maces & Flails
  3526 | D:6      | Reached XP level 8. HP: 29/43 MP: 8/8
  3585 | D:6      | Reached skill level 5 in Armour
  3660 | D:6      | Reached skill level 5 in Fighting
  3666 | D:6      | Reached skill level 7 in Maces & Flails
  4297 | D:7      | Noticed CanOfBees's ghost (novice OgHu)
  4372 | D:7      | Killed CanOfBees's ghost
  4372 | D:7      | Reached skill level 1 in Stealth
  4372 | D:7      | Reached XP level 9. HP: 26/48 MP: 9/9
  4412 | D:7      | Noticed a hill giant
  4438 | D:7      | Mangled by a hill giant

Skill      XL: |  1  2  3  4  5  6  7  8 |
---------------+-------------------------+-----
Shields        | 4 5 6 |  6.9
Maces & Flails | 3 4 6 7 |  7.7
Dodging        | 1 2 3 |  3.3
Armour         | 4 5 |  5.8
Fighting       | 4 5 |  5.5
Stealth        | 1 |  1.0
Evocations     | |  0.8

Action                   |  1- 3 |  4- 6 |  7- 9 || total
-------------------------+-------+-------+-------++-------
Melee: Flail             |   177 |   207 |   237 ||   621
Invok: Ancestor Identity |       |       |     1 ||     1
Evoke: Wand              |       |     1 |     9 ||    10
  Use: Scroll            |       |     6 |     2 ||     8
       Potion            |       |       |    11 ||    11
 Stab: Distracted        |       |     1 |     3 ||     4
  Eat: Bread ration      |       |     2 |       ||     2
       Meat ration       |       |       |     2 ||     2
Armor: Scale mail        |    90 |    83 |   182 ||   355
Dodge: Dodged            |    46 |    65 |   113 ||   224
Block: Shield            |   106 |    99 |   190 ||   395
